 Dungeon Crawl Stone Soup version 0.21-a0-506-ga0ee87aef2 (webtiles) character file.

68 Kaname the Magician (level 4, 8/30 HPs)
             Began as a Demonspawn Wizard on Nov 27, 2017.
             Quit the game on level 2 of the Dungeon.
             The game lasted 00:04:44 (1488 turns).

Kaname the Magician (Demonspawn Wizard)             Turns: 1488, Time: 00:04:45

Health: 8/30       AC:  4    Str:  7    XL:     4   Next: 1%
Magic:  0/8        EV: 12    Int: 21    God:
Gold:   72         SH:  0    Dex: 11    Spells: 3/9 levels left

rFire    + . .     SeeInvis .   e - +0 short sword
rCold    . . .     Gourm    .   (no shield)
rNeg     . . .     Faith    .   a - +0 robe
rPois    .         Spirit   .   b - +0 hat
rElec    .         Reflect  .   (no cloak)
rCorr    .         Harm     .   h - +0 pair of gloves
MR       .....                  (no boots)
Stlth    +++.......             (no amulet)
HPRegen  0.10/turn              n - ring of stealth
MPRegen  0.11/turn              (no ring)

@: no status effects
A: rugged brown scales 1, fire resistance 1
a: no special abilities


You were on level 2 of the Dungeon.
You were hungry.

You visited 1 branch of the dungeon, and saw 2 of its levels.

You collected 72 gold pieces.

Inventory:

Hand Weapons
 e - a +0 short sword (weapon)
Missiles
 l - 8 tomahawks (quivered)
Armour
 a - a +0 robe (worn)
 b - a +0 hat (worn)
 h - a +0 pair of gloves (worn)
Jewellery
 n - a ring of stealth (left hand)
Scrolls
 f - 4 scrolls of identify {unknown}
 k - 2 scrolls of magic mapping {unknown}
 m - 2 scrolls of remove curse {unknown}
 o - a scroll of teleportation {unknown}
Potions
 g - a potion of might {unknown}
 i - a potion of mutation {unknown}
 q - a potion of agility {unknown}
Books
 c - a book of Minor Magic

   Spells                             Type                      Level
   a - Magic Dart                     Conjuration                  1
   b - Blink                          Translocation                2
   c - Call Imp                       Summoning                    2
   d - Slow                           Hexes                        2
   e - Conjure Flame                  Conjuration/Fire             3
   f - Mephitic Cloud                 Conjuration/Poison/Air       3
Comestibles
 d - 3 bread rations
 j - 2 royal jellies


   Skills:
 - Level 1.7 Dodging
 - Level 1.7 Stealth
 - Level 3.0 Spellcasting
 - Level 3.0 Conjurations
   Level 1.0 Summonings
 - Level 1.0 Translocations
 + Level 1.9 Air Magic


You had 3 spell levels left.
You knew the following spells:

 Your Spells              Type           Power        Failure   Level  Hunger
a - Magic Dart            Conj           ###.         3%          1    None
b - Blink                 Tloc           N/A          13%         2    ##.....
c - Mephitic Cloud        Conj/Pois/Air  ##......     21%         3    ###....


Dungeon Overview and Level Annotations

Branches:
Dungeon (2/15)

Altars:


Innate Abilities, Weirdness & Mutations

You are partially covered in rugged brown scales. (AC +1, +3% HP)
Your flesh is heat resistant. (rF+)


Message History

You hit the ooze.
The ooze is severely wounded.
The ooze barely misses you. The ooze hits you.
You hit the ooze.
The ooze is almost dead.
The ooze closely misses you.
You completely miss the ooze.
The ooze is almost dead.
The ooze misses you.
Casting: Magic Dart
Confirm with . or Enter, or press ? or * to list all spells.
Aiming: Magic Dart
Press: ? - help, Shift-Dir - straight line, f/p - ooze
Aim: an ooze (almost dead)
The magic dart hits the ooze.
You kill the ooze!
You have reached level 4!
You feel clever.
Your demonic ancestry asserts itself...
Rugged brown scales grow over part of your body.
Are you sure you want to abandon this character and quit the game? (Confirm with "yes".)

####### ####....(..
#......############..(...
#÷.P.PP'##......###......
#J..J÷.#.#.......##......
#..PP..#.#.).....)†......
#J...÷.#.#........'......
#P..PJP#.#'#......'..)...
#J...J.#.#.#.....##......
#PP.÷..#@#.#....###......
#)÷÷..J##.####### #......
### #...... #......
........ ##.......
##...... #...... #......


There were no monsters in sight!

Vanquished Creatures
  5 oozes (D:2)
  2 dart slugs
  4 bats
  2 giant cockroaches (D:1)
  2 goblins
  8 hobgoblins
  2 frilled lizards (D:1)
  14 kobolds
  4 rats
43 creatures vanquished.

Vanquished Creatures (others)
  2 fungi (D:2)
  7 toadstools (D:2)
9 creatures vanquished.

Grand Total: 52 creatures vanquished

Notes
Turn   | Place    | Note
-------+----------+-------------------------------------------
     0 | D:1      | Kaname the Demonspawn Wizard began the quest for the Orb.
     0 | D:1      | Reached XP level 1. HP: 13/13 MP: 4/4
   320 | D:1      | Gained mutation: Your flesh is heat resistant. (rF+) [demonic ancestry]
   320 | D:1      | Reached XP level 2. HP: 19/19 MP: 3/6
   324 | D:1      | Learned a level 2 spell: Blink
   987 | D:2      | Reached XP level 3. HP: 15/24 MP: 3/7
   992 | D:2      | Learned a level 3 spell: Mephitic Cloud
  1025 | D:2      | Reached skill level 1 in Translocations
  1222 | D:2      | Reached skill level 1 in Air Magic
  1487 | D:2      | Gained mutation: You are partially covered in rugged brown scales. (AC +1, +3% HP) [demonic ancestry]
  1487 | D:2      | Reached XP level 4. HP: 8/30 MP: 0/8
  1488 | D:2      | Quit the game

Vault maps used:
D:1:      lemuel_arrival_rhombus
D:2:      cheibrodos_fertilizer, lemuel_round_altar, grunt_ministairs_11,
          st_stairs_11, minmay_nonomino_d4

Skill      XL: |  1  2  3 |
---------------+----------+-----
Conjurations   | 2 3 |  3.0
Translocations | 1 |  1.0
Air Magic      | 1 |  1.9
Dodging        | |  1.7
Stealth        | |  1.7
Spellcasting   | |  3.0
Summonings     | |  1.0

Action                   |  1- 3 |  4- 6 || total
-------------------------+-------+-------++-------
Melee: Unarmed           |     7 |       ||     7
       Short sword       |    76 |       ||    76
 Cast: Magic Dart        |    92 |     1 ||    93
 Stab: Sleeping          |     2 |       ||     2
  Eat: Chunk             |     1 |       ||     1
Armor: Robe              |    19 |       ||    19
Dodge: Dodged            |    70 |       ||    70

Table legend:
 A = Spawn XP
 B = Non-spawn XP
 C = Spawn XP percentage of total XP
 D = Spawn monster count
 E = Non-spawn monster count
 F = Spawn count percentage of total count
 G = Total turns spent on level
                    A         B        C        D         E        F      G
               +---------+---------+-------+---------+---------+-------+---------
         Total |       0 |      98 |   0.0 |       0 |      43 |   0.0 |  1488
               +---------+---------+-------+---------+---------+-------+---------
           D:1 |       0 |      38 |   0.0 |       0 |      22 |   0.0 |   957
           D:2 |       0 |      60 |   0.0 |       0 |      21 |   0.0 |   531
               +---------+---------+-------+---------+---------+-------+---------
